cohdb
Replays
Latest Replays
All Replays
Popular Replays
Top Player Replays
Match Explorer
How It Works
Community
CoH3 Stats
Reddit
Sign in to upload your games and track your stats! →
Sign in with Steam
Match 44245211
Unlisted
Match 44245211
Overview
Messages
Build Orders
End
Construct Section Command Post
Vickers Machine Gun Team
Selects Heavy Armor Battlegroup
ML 3-inch Mortar Team
Dingo Light Scout Car
Infantry Section
Construct Field Infirmary
Construct Platoon Command Post
Selects Rigorous Vehicle Training
Selects Forward Repair Assembly
6-pounder Anti-tank Gun Team
CMP 15cwt Truck
Infantry Section
Grenade Package
Unlock Bishop Self-propelled Artillery
Contemptuous SUOMI DEFENDER '99
vadern117
﴾✯﴿ Makora ﴾✯﴿
gUi
DonHurensohn
Widukind
OMYGOD!
Hunter
0
0
Comments
sign in to comment!
No comments posted yet!